 Dungeon Crawl Stone Soup version 0.28-a0-863-g8cecda6153 (webtiles) character file.

Game seed: 9863347468428681502

181 spaced the Firebug (level 5, 0/36 HPs)
             Began as a Demonspawn Fire Elementalist on Nov 19, 2021.
             Slain by an ogre (19 damage)
             ... on level 4 of the Dungeon.
             The game lasted 00:18:15 (2838 turns).

spaced the Firebug (Demonspawn Fire Elementalist)   Turns: 2838, Time: 00:18:17

Health: 0/36       AC:  7    Str:  8    XL:     5   Next: 34%
Magic:  0/9        EV: 12    Int: 17    God:
Gold:   90         SH:  0    Dex: 14    Spells: 1/10 levels left

rFire   . . .      SeeInvis .   d - +2 short sword (flame)
rCold   . . .      Faith    .   (no shield)
rNeg    . . .      Spirit   .   a - +0 robe
rPois   +          Reflect  .   t - +0 helmet
rElec   .          Harm     .   l - scarf {+Inv}
rCorr   .          Rampage  .   (no gloves)
Will    .....                   p - +0 pair of boots
Stlth   ++........              (no amulet)
HPRegen 0.12/turn               i - ring of poison resistance
MPRegen 0.11/turn               (no ring)

@: no status effects
A: thin metallic scales 2
a: Evoke Invisibility


You were on level 4 of the Dungeon.
You visited 1 branch of the dungeon, and saw 5 of its levels.

You collected 90 gold pieces.

Inventory:

Hand Weapons
 b - a +0 dagger
 c - a +0 mace
 d - a +2 short sword of flaming (weapon)
 q - a +0 dagger of electrocution
Armour
 a - a +0 robe (worn)
 k - a +1 ring mail of fire resistance
 l - a scarf of invisibility (worn)
 o - a +0 helmet
 p - a +0 pair of boots (worn)
 s - a +0 animal skin
 t - a +0 helmet (worn)
Jewellery
 i - a ring of poison resistance (left hand)
Scrolls
 m - 3 scrolls of enchant armour
 n - a scroll of fog {unknown}
 r - a scroll of immolation {unknown}
Potions
 f - a potion of ambrosia {unknown}
 g - a potion of brilliance
 h - 2 potions of heal wounds
 j - a potion of flight {unknown}


   Skills:
 + Level 0.4 Fighting
 + Level 0.1 Short Blades
 + Level 0.6 Maces & Flails
 + Level 2.1 Dodging
 * Level 2.3 Stealth
 + Level 3.2 Spellcasting
 + Level 1.7 Conjurations
 + Level 4.0 Fire Magic


You had one spell level left.
You knew the following spells:

 Your Spells              Type           Power      Damage    Failure   Level
a - Foxfire               Conj/Fire      48%        2x1d6     5%          1
b - Scorch                Fire           32%        2d7       4%          2
c - Conjure Flame         Conj/Fire      12%        6-21      16%         3
d - Inner Flame           Hex/Fire       9%         N/A       22%         3

Your spell library contained the following spells:

 Spells                   Type           Power      Damage    Failure   Level
 Flame Wave               Conj/Fire      12%        3d4       45%         4
 Summon Forest            Summ/Tloc      1%         N/A       99%         5
 Summon Mana Viper        Hex/Summ       2%         N/A       99%         5
 Summon Cactus Giant      Summ           1%         N/A       100%        6


Dungeon Overview and Level Annotations

Branches:
Dungeon (5/15)
 Temple: D:4-7

Altars:


Innate Abilities, Weirdness & Mutations

You are mostly covered in thin metallic scales. (AC +3)


Message History

Casting: Foxfire (safe; 6% risk of failure)
Confirm with . or Enter, or press ? or * to list all spells.
Flames lash the ogre.
You kill the ogre!
You hear a shout!
Your Fire Magic skill increases to level 4!
You have reached level 5!
An ogre comes into view. It is wielding a +0 giant spiked club.
The ogre shouts!
You see here a +0 giant club.
Found a book of Displacement.
Casting: Scorch (safe; 4% risk of failure)
Confirm with . or Enter, or press ? or * to list all spells.
Flames lash the ogre.
The ogre is moderately wounded.
The ogre's fire resistance burns away.
The ogre hits you with a +0 giant spiked club!
Casting: Scorch (safe; 4% risk of failure)
Confirm with . or Enter, or press ? or * to list all spells.
Flames lash the ogre.
The ogre is burned terribly!
The ogre is moderately wounded.
Casting: Scorch (safe; 4% risk of failure)
Confirm with . or Enter, or press ? or * to list all spells.
You don't have enough magic to cast this spell.
Casting: Scorch (safe; 4% risk of failure)
Confirm with . or Enter, or press ? or * to list all spells.
You don't know that spell.
Found 18 stones.
There is an escape hatch in the ceiling here.
The ogre barely misses you. A mysterious force pulls you upwards.
The hatch slams shut behind you.
The adder hisses angrily.
Found a glass wand and a flail.
Found a stone staircase leading down.
Casting: Scorch (safe; 4% risk of failure)
Confirm with . or Enter, or press ? or * to list all spells.
You conjure some foxfire!
The ogre is no longer more vulnerable to fire.
The ogre hits you with a +0 giant spiked club!!
Ouch! That really hurt!
You die...

..... ..P. .Z.
..♣♣
#######.P)♣
##........P♣P♣.
.....>./......P
#...Sv@O..P...
......v......##
###########....
###


You could see an ogre, an adder (ally target) and an adder skeleton.

Vanquished Creatures
  An ogre (D:5)
  Robin (D:3)
  3 adders (D:2)
  5 dart slugs
  A worm (D:2)
  2 endoplasms
  A giant cockroach (D:1)
  13 goblins
  7 hobgoblins
  5 ball pythons
  3 bats
  3 frilled lizards (D:1)
  5 kobolds
  4 rats
54 creatures vanquished.

Vanquished Creatures (others)
  A bat (D:1)
  91 foxfires
92 creatures vanquished.

Grand Total: 146 creatures vanquished

Notes
Turn   | Place    | Note
-------+----------+-------------------------------------------
     0 | D:1      | spaced the Demonspawn Fire Elementalist began the quest for
                  | the Orb.
     0 | D:1      | Reached XP level 1. HP: 13/13 MP: 3/3
   296 | D:1      | Gained mutation: You are partially covered in thin metallic
                  | scales. (AC +2) [demonic ancestry]
   296 | D:1      | Reached XP level 2. HP: 19/19 MP: 1/5
   602 | D:1      | Reached skill level 3 in Fire Magic
   635 | D:1      | Learned a level 2 spell: Scorch
  1113 | D:2      | Gained mutation: You are mostly covered in thin metallic
                  | scales. (AC +3) [demonic ancestry]
  1113 | D:2      | Reached XP level 3. HP: 24/24 MP: 3/6
  1117 | D:2      | Learned a level 3 spell: Conjure Flame
  1915 | D:2      | Reached XP level 4. HP: 31/31 MP: 3/8
  2146 | D:3      | Noticed Robin
  2631 | D:3      | Killed Robin
  2687 | D:3      | Learned a level 3 spell: Inner Flame
  2734 | D:3      | Found a faded altar of an unknown god.
  2814 | D:3      | You fall into a shaft and drop 2 floors!
  2814 | D:5      | Entered Level 5 of the Dungeon
  2814 | D:5      | Noticed an ogre
  2823 | D:5      | Killed an ogre
  2824 | D:5      | Reached skill level 4 in Fire Magic
  2824 | D:5      | Reached XP level 5. HP: 36/36 MP: 4/9
  2824 | D:5      | Noticed an ogre
  2838 | D:4      | Slain by an ogre

Illustrated notes

Levels and vault maps discovered:
D:1:      dpeg_arrival_more_subterranean_lakeside_camping, layout_basic
D:2:      layout_basic, chequers_avenue
D:3:      layout_basic, basic_ecumenical_altar, uniq_robin
D:4:      layout_rooms, serial_forest, infiniplex_forest_lined_3,
          infiniplex_forest_straight_2, infiniplex_forest_end_double,
          infiniplex_forest_clump_medium, infiniplex_forest_clump_curved,
          infiniplex_forest_clump_diagonal, st_stairs_7
D:5:      layout_loops_ring, nicolae_overflow_hidden_temple

Skill      XL: |  1  2  3  4 |
---------------+-------------+-----
Dodging        | 2 |  2.1
Fire Magic     | 3 4 |  4.0
Stealth        | 2 |  2.3
Spellcasting   | 3 |  3.2
Fighting       | |  0.4
Short Blades   | |  0.1
Maces & Flails | |  0.6
Conjurations   | |  1.7

Action                   |  1- 3 |  4- 6 || total
-------------------------+-------+-------++-------
Melee: Mace              |    22 |       ||    22
       Short sword       |     9 |     8 ||    17
 Cast: Foxfire           |    49 |    13 ||    62
       Scorch            |     4 |    13 ||    17
  Use: Scroll            |       |     3 ||     3
Armor: Robe              |     9 |    13 ||    22
Dodge: Dodged            |    33 |    26 ||    59

Table legend: (Time is in decaauts)
 A = Elapsed time spent in this place.
 B = Non-inter-level travel time spent in this place.
 C = Inter-level travel time spent in this place.
 D = Time resting spent in this place.
 E = Time spent auto-exploring this place.
 F = Levels seen in this place.
 G = Mean time per level.
                   A        B        C        D        E       F      G
               +--------+--------+--------+--------+--------+-----+--------+
         Total |   2852 |   2801 |     51 |    406 |   1374 |   5 |  570.4 |
       Dungeon |   2852 |   2801 |     51 |    406 |   1374 |   5 |  570.4 |
               +--------+--------+--------+--------+--------+-----+--------+

Top non-repeatable levels by time:
     D:2: 1517 daAuts
     D:1: 1095 daAuts
     D:3: 215 daAuts
     D:5: 22 daAuts
     D:4: 0 daAuts
